 Dungeon Crawl Stone Soup version 0.31.0-11-ge490571c62 (webtiles) character file.

Game seed: 6176367473944665085

35 Silvore the Trooper (level 3, -1/29 HPs)
             Began as a Demonspawn Fighter on Feb 8, 2024.
             Slain by Crazy Yiuf
             ... wielding a +2 quarterstaff of chaos
              (5 damage)
             ... on level 2 of the Dungeon.
             The game lasted 00:01:38 (1377 turns).

Silvore the Trooper (Demonspawn Fighter)            Turns: 1377, Time: 00:01:38

Health: -1/29      AC: 11    Str: 18    XL:     3   Next: 17%
Magic:  3/3        EV:  5    Int:  8    God:
Gold:   121        SH:  4    Dex: 12    Spells: 2/2 levels left

rFire   . . .        a - +0 long sword
rCold   . . .        c - +0 buckler
rNeg    . . .        e - +0 plate armour
rPois   .            (no helmet)
rElec   .            (no cloak)
rCorr   .            (no gloves)
SInv    .            (no boots)
Will    .....        (no amulet) Stlth
                     (no ring)
HPRegen 0.24/turn    (no ring)
MPRegen 0.08/turn

%: no passive effects
@: mighty, lethally poisoned (-1 -> -4)
A: hooves 1
a: no special abilities


You were on level 2 of the Dungeon.
You visited 1 branch of the dungeon, and saw 2 of its levels.

You collected 121 gold pieces.

Inventory:

Hand Weapons
 a - a +0 long sword (weapon)
Armour
 b - a +0 scale mail
 c - a +0 buckler (worn)
 e - a +0 plate armour (worn)
Talismans
 f - a flux talisman
Scrolls
 g - a scroll of fog {unknown}
 k - 2 scrolls of blinking {unknown}
 m - a scroll of immolation {unknown}
 q - a scroll of summoning {unknown}
Potions
 d - 2 potions of might
 h - a potion of magic {unknown}
 i - a potion of attraction {unknown}
 j - a potion of curing {unknown}
 l - a potion of brilliance {unknown}
 n - a potion of cancellation {unknown}
 o - 2 potions of enlightenment {unknown}
 p - 2 potions of resistance {unknown}


   Skills:
 + Level 3.3 Fighting
 + Level 2.1 Long Blades
 + Level 3.1 Armour
 + Level 3.0 Shields


You had 2 spell levels left.
You didn't know any spells.
Your spell library was empty.

Dungeon Overview and Level Annotations

Branches:
Dungeon (2/15)

Altars:
Uskayaw

Annotations:
D:2 Crazy Yiuf


Innate Abilities, Weirdness & Mutations

You have large cloven feet.


Message History

Things that are here:
a quokka skeleton; a ball python skeleton You see here a +0 hand axe.
Crazy Yiuf shouts!
Could not explore, unopened runed door.
Could not explore, unopened runed door.
You open the door. You hit Crazy Yiuf but do no damage.
Crazy Yiuf hits you but does no damage.
You barely miss Crazy Yiuf. You kick Crazy Yiuf, but do no damage.
Crazy Yiuf hits you with a +2 quarterstaff of chaos.
You block Crazy Yiuf's attack.
You closely miss Crazy Yiuf. Your kick misses Crazy Yiuf.
Crazy Yiuf whimpers, "Line unthinkable canine!"
Crazy Yiuf hits you with a +2 quarterstaff of chaos.
You convulse.
You barely miss Crazy Yiuf.
Crazy Yiuf hits you with a +2 quarterstaff of chaos!
You are poisoned.
Unknown command.
You feel very mighty all of a sudden.
You feel very sick. You block Crazy Yiuf's attack.
You slash Crazy Yiuf! Your kick misses Crazy Yiuf.
Crazy Yiuf is heavily wounded.
You feel very sick.
Crazy Yiuf hits you with a +2 quarterstaff of chaos.
* * * LOW HITPOINT WARNING * * *
You block Crazy Yiuf's attack.
Unknown command.
You closely miss Crazy Yiuf.
Crazy Yiuf is heavily wounded.
* * * LOW HITPOINT WARNING * * *
You feel sick. Crazy Yiuf barely misses you.
Unknown command.
You hit Crazy Yiuf but do no damage. Your kick misses Crazy Yiuf.
Crazy Yiuf is heavily wounded.
* * * LOW HITPOINT WARNING * * *
You feel sick.
Crazy Yiuf hits you with a +2 quarterstaff of chaos.
You die...

...........##
#....###......#
## ...........#
#....# #....###
#..........#
♣....♣ #....#
#.........##
♣♣...♣ #....###
..........#
♣♣.♣♣ #......##
.....)....#
♣♣.♣ #.......##
..........#
♣.♣♣ #........#
..........#
♣♣.♣ #........#
#.........#
♣@♣♣ #........#
.........## #g#
#.......##
#(#.....## ...
#..#...##
#.####### #...#
######## ..#
#)..# ### #####


You could see Crazy Yiuf.

Vanquished Creatures
  3 dart slugs (D:1)
  3 ball pythons
  An endoplasm (D:2)
  A giant cockroach (D:1)
  4 goblins
  A hobgoblin (D:2)
  2 quokkas
  5 bats
  4 kobolds
  5 rats
29 creatures vanquished.

Notes
Turn   | Place    | Note
-------+----------+-------------------------------------------
     0 | D:1      | Silvore the Demonspawn Fighter began the quest for the Orb.
     0 | D:1      | Reached XP level 1. HP: 18/18 MP: 1/1
   109 | D:1      | Gained mutation: You have large cloven feet. [demonic
                  | ancestry]
   109 | D:1      | Reached XP level 2. HP: 18/24 MP: 2/2
   938 | D:2      | Noticed a great orb of eyes
  1026 | D:2      | Reached XP level 3. HP: 29/29 MP: 3/3
  1151 | D:2      | Found a faded altar of an unknown god.
  1152 | D:2      | Noticed an eye of devastation
  1156 | D:2      | Noticed an eye of devastation
  1163 | D:2      | Noticed a shining eye
  1231 | D:2      | Found a hide-covered altar of Uskayaw.
  1275 | D:2      | Found a runed translucent door.
  1276 | D:2      | Noticed Crazy Yiuf
  1377 | D:2      | Slain by Crazy Yiuf

Illustrated notes

Levels and vault maps discovered:
D:1:      erik_arrival_cave_to_civilisation [erik_arrival_cave_to_hall],
          layout_loops_ring, chequers_serial_rivers_room_a
D:2:      layout_rooms, basic_altar, hellmonk_ecumenical_altar_watching_god,
          uniq_crazy_yiuf_cottage

Skill      XL: |  1  2 |
---------------+-------+-----
Armour         | 3 |  3.1
Shields        | 3 |  3.0
Long Blades    | 2 |  2.1
Fighting       | |  3.3

Action                     || total
---------------------------++-------
  Melee: Long sword        ||   102
         Kick              ||    13
    Use: Potion            ||     1
 Armour: Plate armour      ||   143
  Dodge: Dodged            ||    29
  Block: Buckler           ||    31
